 Dungeon Crawl Stone Soup version 0.28.0-53-g5a82cb258f (webtiles) character file.

Game seed: 11074614306535457468

28 Gabide the Charlatan (level 3, 27/27 HPs)
             Began as a Human Artificer on June 17, 2022.
             Got out of the dungeon alive.
             The game lasted 00:01:08 (1350 turns).

Gabide the Charlatan (Human Artificer)              Turns: 1350, Time: 00:01:08

Health: 27/27      AC:  6    Str: 20    XL:     3   Next: 30%
Magic:  3/3        EV: 10    Int: 11    God:
Gold:   16         SH:  0    Dex: 13    Spells: 2/2 levels left

rFire   . . .      SeeInvis .   a - +0 club
rCold   . . .      Faith    .   (no shield)
rNeg    . . .      Spirit   .   g - +0 scale mail
rPois   .          Reflect  .   (no helmet)
rElec   .          Harm     .   (no cloak)
rCorr   .          Rampage  .   (no gloves)
Will    .....                   (no boots)
Stlth   ..........              (no amulet)
HPRegen 0.09/turn               j - +6 ring of strength
MPRegen 0.08/turn               (no ring)

@: no status effects
A: no striking features
a: no special abilities


You escaped.
You visited 1 branch of the dungeon, and saw 1 of its levels.

You collected 16 gold pieces.

Inventory:

Hand Weapons
 a - a +0 club (weapon)
Armour
 g - a +0 scale mail (worn)
Jewellery
 j - a +6 ring of strength (left hand)
Wands
 c - a wand of flame (15) (quivered)
 d - a wand of charming (15)
Scrolls
 b - 2 scrolls of teleportation {unknown}
 i - a scroll of vulnerability {unknown}
Potions
 f - a potion of might {unknown}
 h - 3 potions of curing {unknown}
 k - a potion of haste {unknown}
 l - a potion of brilliance {unknown}
Miscellaneous
 e - a piece from Xom's chessboard (15/15)


   Skills:
 + Level 1.8 Fighting
 - Level 2.0 Armour
 + Level 1.8 Dodging
 - Level 1.0 Stealth
 + Level 3.4 Evocations


You had 2 spell levels left.
You didn't know any spells.
Your spell library was empty.

Dungeon Overview and Level Annotations

Branches:
Dungeon (1/15)

Altars:


Message History

You open the door.
There is an open door here.
You now have 11 gold pieces (gained 9).
You now have 16 gold pieces (gained 5).
You open the door.
There is an open door here.
You open the door.
A giant cockroach comes into view.
Found 9 gold pieces.
There is an open door here.
A giant cockroach is nearby!
A giant cockroach is nearby!
A giant cockroach is nearby!
You hit the giant cockroach but do no damage.
The giant cockroach bites you but does no damage.
The giant cockroach barely misses you.
You completely miss the giant cockroach.
The giant cockroach barely misses you.
You closely miss the giant cockroach. The giant cockroach barely misses you.
The giant cockroach bites you.
You barely miss the giant cockroach. The giant cockroach barely misses you.
You hit the giant cockroach.
You kill the giant cockroach!
No target in view!
No target in view!
No target in view!
No target in view!
No target in view!
No target in view!
No target in view!
No target in view!
No target in view!
No target in view!
No target in view!
There is an open door here.
There is an open door here.
There is an open door here.
There is a staircase leading out of the dungeon here.
Are you sure you want to leave the Dungeon?
This will make you lose the game!
You have escaped!

#.# #....# #.#
#..... #.##
#....####.###...##
###'#
#####...........##
#...#
#.########...#
#...### #.# #...#
#...#.## #.# ##..#
#...'#'####.# #..#
#...##>.....# #..#
#...##.@....# #..#
#...##....[.# ##.#
#...######### #..
##### ####. #.##.
#.##. #.... #.###
#.# #


There were no monsters in sight!

Vanquished Creatures
  3 ball pythons (D:1)
  2 bats (D:1)
  3 endoplasms (D:1)
  4 giant cockroaches (D:1)
  2 goblins (D:1)
  A hobgoblin (D:1)
  3 kobolds (D:1)
  2 quokkas (D:1)
  4 rats (D:1)
24 creatures vanquished.

Notes
Turn   | Place    | Note
-------+----------+-------------------------------------------
     0 | D:1      | Gabide the Human Artificer began the quest for the Orb.
     0 | D:1      | Reached XP level 1. HP: 15/15 MP: 1/1
   174 | D:1      | Reached XP level 2. HP: 19/21 MP: 2/2
   702 | D:1      | Reached XP level 3. HP: 22/27 MP: 3/3
  1350 | D:$      | Got out of the dungeon alive.

Illustrated notes

Levels and vault maps discovered:
D:1:      dpeg_arrival_connections, layout_basic, st_stairs_8

Action                   || total
-------------------------++-------
Melee: Club              ||    99
       Punch             ||     4
Armor: Scale mail        ||    50
Dodge: Dodged            ||    61
